 Dungeon Crawl Stone Soup version 0.21.0 (webtiles) character file.

287396 Megalobster the Executioner (level 19, -6/177 HPs)
             Began as a Minotaur Berserker on Jan 5, 2018.
             Was a High Priest of Trog.
             Killed from afar by Jory (57 damage)
             ... with a crystal spear
             ... on level 2 of the Vaults on Jan 6, 2018.
             The game lasted 03:30:44 (36676 turns).

Megalobster the Executioner (Minotaur Berserker)   Turns: 36676, Time: 03:30:45

Health: -6/177     AC: 33    Str: 27    XL:     19   Next: 86%
Magic:  26/26      EV: 19    Int:  4    God:    Trog [*****.]
Gold:   591        SH:  9    Dex: 20    Spells: 18/18 levels left

rFire    + + .     SeeInvis .   a - +7 broad axe of Terror {freeze, Dex+4}
rCold    . . .     Gourm    .   V - +0 buckler {rF+}
rNeg     . . .     Faith    .   y - +5 plate armour {MR+}
rPois    +         Spirit   .   (helmet restricted)
rElec    +         Reflect  +   b - +4 cloak "Vapnyeps" {*Contam rElec rPois MR+}
rCorr    .         Harm     .   B - +1 pair of gloves {archery}
MR       +++++                  M - +0 pair of boots
Stlth    ..........             K - +2 amulet of reflection
HPRegen  1.39/turn              Y - +3 ring of dexterity
MPRegen  0.20/turn              E - ring of protection from fire

@: berserk cooldown, regenerating, slowed, very slow
A: retaliatory headbutt, horns 2
}: 2/15 runes: decaying, gossamer
a: Berserk, Trog's Hand, Brothers in Arms, Burn Spellbooks, Renounce Religion


You were on level 2 of the Vaults.
You worshipped Trog.
Trog was extremely pleased with you.
You were not hungry.

You visited 6 branches of the dungeon, and saw 33 of its levels.
You visited 1 bazaar.

You collected 2972 gold pieces.
You spent 2381 gold pieces at shops.

Inventory:

Hand Weapons
 a - the +7 broad axe of Terror (weapon) {freeze, Dex+4}
   (You bought it in a shop on level 11 of the Dungeon)

   It has been specially enchanted to freeze those struck by it, causing extra
   injury to most foes and up to half again as much damage against particularly
   susceptible opponents.
   It can also slow down cold-blooded creatures.
   It affects your dexterity (+4).
 N - the +3 broad axe "Plog" {chop, rN++ Dex+6}
   (Trog gifted it to you on level 2 of the Orcish Mines)

   It inflicts extra damage upon your enemies.
   It affects your dexterity (+6).
   It greatly protects you from negative energy.
 U - a +9 executioner's axe of freezing
Missiles
 i - 5 steel javelins (quivered)
 D - 2 steel tomahawks
Armour
 b - the +4 cloak "Vapnyeps" (worn) {*Contam rElec rPois MR+}
   (You found it on level 1 of the Swamp)

   It insulates you from electricity.
   It protects you from poison.
   It affects your resistance to hostile enchantments.
   It causes magical contamination when unequipped.
 y - a +5 plate armour of magic resistance (worn)
 B - a +1 pair of gloves of archery (worn)
 M - a +0 pair of boots (worn)
 V - a +0 buckler of fire resistance (worn)
Jewellery
 f - an uncursed ring of protection from cold
 x - an uncursed ring of fire
 E - a ring of protection from fire (right hand)
 K - a +2 amulet of reflection (around neck)
 Y - a +3 ring of dexterity (left hand)
Wands
 d - a wand of paralysis (20)
 o - a wand of iceblast (8)
 q - a wand of enslavement (38)
 t - a wand of flame (65)
 w - a wand of disintegration (10)
 C - a wand of clouds (8)
 O - a wand of digging (39)
 X - a wand of scattershot (3)
Scrolls
 m - 2 scrolls of fog
 n - 2 scrolls of fear
 p - 12 scrolls of remove curse
 v - 2 scrolls of enchant weapon
 A - 9 scrolls of teleportation
 G - 2 scrolls of identify
 P - a scroll of holy word
 W - 6 scrolls of blinking
Potions
 e - 2 potions of agility
 g - 5 potions of might
 h - 2 potions of invisibility
 j - 13 potions of heal wounds
 k - 3 potions of lignification
 r - 5 potions of haste
 s - 6 potions of cancellation
 u - 10 potions of ambrosia
 z - 6 potions of flight
 F - 14 potions of curing
 H - 3 potions of mutation
 S - 2 potions of resistance
Miscellaneous
 L - a sack of spiders
 Q - a phial of floods
Comestibles
 c - 30 rations


   Skills:
 + Level 17.2 Fighting
 - Level 21.8 Axes
 + Level 17.1 Armour
 + Level 16.2 Dodging
 + Level 9.1 Shields
 - Level 11.3 Evocations


You had 18 spell levels left.
You didn't know any spells.

Dungeon Overview and Level Annotations

Branches:
Dungeon (15/15)            Temple (0/1) D:5            Lair (6/6) D:11
  Swamp (4/4) Lair:2       Spider (4/4) Lair:3        Slime (0/5) Lair:6
    Orc (2/2) D:10            Elf (0/3) Orc:2        Vaults (2/5) D:14
 Depths (0/5) D:15
  Crypt: Vaults:2-3

Altars:
Ashenzari
Elyvilon
Fedhas
Hepliaklqana
Makhleb
Okawaru
Ru
Trog
Yredelemnul
The Shining One
Beogh
Jiyva

Shops:
D:7 [   D:10 (   D:11 (}   D:12 **   Orc:2 %([(

Annotations:
Vaults:2 Jory


Innate Abilities, Weirdness & Mutations

You reflexively headbutt those who attack you in melee.
You have a pair of horns on your head.


Message History

The ironbrand convoker looks frightened!
The vault warden looks frightened!
The vault sentinel looks frightened!
The vault guard looks frightened!
Jory is unaffected.
The ironbrand convoker looks frightened!
The deep elf mage resists with some effort.
The ironbrand convoker gives up.
The deep elf mage gestures at you while chanting.
The bolt of lightning hits you! You resist.
* * * LOW HITPOINT WARNING * * *
The bolt of lightning hits you! You resist.
* * * LOW HITPOINT WARNING * * *
The bolt of lightning misses the deep elf mage.
Jory hits you but does no damage. Space bends around you.
* * * LOW HITPOINT WARNING * * *
You feel much better.
The deep elf mage casts a spell.
The deep elf mage blinks!
Jory points at you and mumbles some strange words.
The crystal spear hits you!
You die...

.... #......# .....
#......# .....
###'######## ....
#..........# ...
#..........#
#+###+###..........#
....pV..#.........>#
#..))#..........#
#.ยง)@+..........#
#..))#..........#
#..p###.#..........#
$.< .p#.......... #.
##p########## . .p#
..# ..+


You could see Jory, a vault warden (fleeing), a vault guard (fleeing), a vault
sentinel (fleeing) and 2 ironbrand convokers.

Vanquished Creatures
  Mara (Swamp:4)
  Nikola (Swamp:2)
  Kirke (Lair:6)
  Roxanne (Swamp:2)
  Donald (Swamp:2)
  A deep elf sorcerer (Vaults:1)
  7 emperor scorpions
  Aizul (Spider:2)
  The ghost of Daviar the Fighter, an adept GrBe of Trog (Swamp:2)
  An orc warlord (Orc:2)
  3 ghost moths (Spider:4)
  3 vault wardens (Vaults:1)
  5 ironheart preservers
  An ettin (D:15)
  2 death oozes (Swamp:4)
  A yaktaur captain (Vaults:1)
  2 green deaths (Swamp:4)
  2 great orbs of eyes (Vaults:1)
  Erolcha (Orc:2)
  A hell beast (Swamp:4)
  5 vault guards (Vaults:1)
  19 hydras
  2 ice dragons (Vaults:1)
  4 centaur warriors
  An anaconda (shapeshifter) (Vaults:1)
  A death knight (Vaults:1)
  3 catoblepae (Lair:6)
  18 alligators
  Erica (D:9)
  7 two-headed ogres
  2 ogre magi
  2 tengu warriors
  17 death yaks
  3 orc high priests (Orc:2)
  A thrashing horror (Swamp:4)
  5 deep elf knights
  A hell knight (D:15)
  Nergalle (Lair:2)
  The ghost of Vajrapani the Basher, a novice TeEn of Ru (D:7)
  A shadow wraith (Vaults:1)
  A fire crab (shapeshifter) (D:13)
  10 skeletal warriors
  3 spriggan druids
  2 unseen horrors
  6 swamp dragons
  3 shambling mangroves
  3 deep elf archers
  3 ironbrand convokers
  3 harpies (Vaults:1)
  Pikel (D:4)
  22 orb spiders
  21 ugly things
  6 orc knights
  A wizard (Vaults:1)
  3 orc sorcerers (Orc:2)
  5 deep elf magi (Vaults:1)
  25 wolf spiders
  5 cyclopes
  4 manticores
  3 vault sentinels (Vaults:1)
  3 moths of wrath
  5 elephants (Lair:4)
  A black mamba (shapeshifter) (D:13)
  9 spiny frogs
  5 black mambas
  Psyche (D:10)
  A kobold demonologist (D:14)
  6 centaur skeletons
  A gargoyle (D:11)
  2 rime drakes
  2 freezing wraiths (Vaults:1)
  8 komodo dragons
  3 orange demons (Swamp:4)
  An efreet (D:14)
  16 yaktaurs
  5 demonic crawlers
  A tengu conjurer (D:10)
  7 trolls
  20 hornets
  17 jumping spiders
  A polar bear (Lair:6)
  8 tyrant leeches
  Grinder (D:4)
  24 slime creatures
  9 blink frogs
  8 bog bodies
  12 hippogriffs
  5 dream sheep (Lair:5)
  5 shadows
  Sigmund (D:4)
  A water elemental (D:13)
  23 tarantellas
  7 spriggans
  2 wraiths
  2 vampires
  63 redbacks
  4 fire bats (Lair:6)
  57 yaks
  10 wyverns
  4 hogs (Lair:6)
  2 yaks (shapeshifter) (D:13)
  12 basilisks
  3 hungry ghosts
  4 humans (Lair:5)
  9 vampire mosquitoes
  Eustachio (D:5)
  Menkaure (D:5)
  4 wargs (Orc:2)
  Edmund (D:4)
  24 insubstantial wisps
  A soldier ant (D:13)
  23 swamp worms
  2 acid dragons
  13 water moccasins
  5 porcupines
  7 swamp drakes
  42 orc warriors
  Duvessa (D:6)
  5 ice beasts
  3 sky beasts
  A black bear (D:11)
  2 eyes of draining
  2 necrophages
  9 wolves
  A phantom (D:9)
  15 ogres
  25 centaurs
  2 large abominations (Swamp:4)
  11 crocodiles
  19 bullfrogs
  Blork the orc (D:6)
  3 big kobolds
  2 gnoll sergeants
  A wyvern zombie (D:8)
  Dowan (D:6)
  4 scorpions
  6 electric eels
  12 wights
  6 crimson imps
  6 hounds
  9 jellies
  3 centaur zombies
  28 orc priests
  A bullfrog skeleton (D:8)
  4 iguanas
  26 orc wizards
  10 worker ants
  A killer bee zombie (D:8)
  2 hound zombies
  A hound skeleton (D:11)
  2 worker ant zombies
  11 gnolls
  11 adders
  6 shadow imps
  6 oozes
  An adder zombie (D:8)
  An adder skeleton (D:6)
  9 worms
  3 dart slugs
  7 leopard geckos
  152 orcs
  A ball python (D:3)
  8 giant cockroaches
  11 goblins
  8 hobgoblins
  11 jackals
  3 quokkas
  5 bats
  4 frilled lizards
  14 kobolds
  A leopard gecko skeleton (D:3)
  A quokka skeleton (D:7)
  10 rats
  3 fungi
  2 plants
  A withered plant (D:8)
1292 creatures vanquished.

Vanquished Creatures (collateral kills)
  2 hydras
  A centaur warrior (D:14)
  A catoblepas (Lair:4)
  A thrashing horror (Swamp:4)
  An orc knight (Orc:2)
  A black mamba (Lair:1)
  4 slime creatures (Swamp:4)
  A wraith (D:10)
  2 ogres (Orc:1)
  A centaur (D:14)
  3 orc wizards (Orc:1)
  3 orcs
  A kobold (D:14)
22 creatures vanquished.

Vanquished Creatures (others)
  A cyclops (D:15)
  A vault sentinel (Vaults:1)
  A yaktaur (D:14)
  A jumping spider (Spider:3)
  3 centaurs
  A big kobold (D:14)
  2 bushes
  13 fungi
  9 plants
32 creatures vanquished.

Grand Total: 1346 creatures vanquished

Notes
Turn   | Place    | Note
-------+----------+-------------------------------------------
     0 | D:1      | Megalobster the Minotaur Berserker began the quest for the Orb.
     0 | D:1      | Reached XP level 1. HP: 19/19 MP: 0/0
   116 | D:1      | Reached XP level 2. HP: 27/27 MP: 1/1
   151 | D:1      | Reached skill level 4 in Axes
   996 | D:1      | Reached XP level 3. HP: 32/33 MP: 2/2
  1274 | D:2      | Reached ** piety under Trog
  1347 | D:2      | Reached XP level 4. HP: 37/40 MP: 3/3
  1586 | D:2      | Reached skill level 5 in Axes
  1813 | D:2      | Found a bloodstained altar of Trog.
  1813 | D:2      | Found a hazy altar of Hepliaklqana.
  2069 | D:3      | Reached XP level 5. HP: 43/47 MP: 4/4
  2211 | D:3      | Reached *** piety under Trog
  2592 | D:4      | Noticed an ogre
  2599 | D:4      | Killed an ogre
  2732 | D:4      | Found a shattered altar of Ashenzari.
  2768 | D:4      | Reached XP level 6. HP: 54/55 MP: 5/5
  2783 | D:4      | Noticed a slave
  2783 | D:4      | Noticed a slave
  2789 | D:4      | Noticed a slave
  2877 | D:4      | Reached skill level 5 in Fighting
  2877 | D:4      | Reached skill level 6 in Axes
  3014 | D:4      | Noticed Grinder
  3028 | D:4      | Killed Grinder
  3028 | D:4      | Reached XP level 7. HP: 61/61 MP: 6/6
  3103 | D:4      | Noticed Edmund
  3107 | D:4      | Killed Edmund
  3107 | D:4      | Reached skill level 7 in Axes
  3345 | D:4      | Noticed Pikel
  3354 | D:4      | Killed Pikel
  3354 | D:4      | Reached skill level 8 in Axes
  3354 | D:4      | Reached skill level 5 in Armour
  3354 | D:4      | Reached skill level 5 in Dodging
  3354 | D:4      | Reached XP level 8. HP: 70/70 MP: 7/7
  3742 | D:4      | Noticed Sigmund
  3757 | D:4      | Killed Sigmund
  3896 | D:5      | Entered Level 5 of the Dungeon
  4263 | D:5      | Found a staircase to the Ecumenical Temple.
  4270 | D:5      | Noticed Menkaure
  4273 | D:5      | Killed Menkaure
  4273 | D:5      | Reached skill level 9 in Axes
  4553 | D:5      | Noticed Eustachio
  4561 | D:5      | Killed Eustachio
  4947 | D:6      | Got a translucent leather armour
  4958 | D:6      | Identified the +1 leather armour of Sif Muna's Whim {rCorr MP+9 Str+6 Slay-3} (You found it on level 6 of the Dungeon)
  5171 | D:6      | Reached XP level 9. HP: 72/79 MP: 8/8
  5254 | D:6      | Found a sacrificial altar of Ru.
  5262 | D:6      | Noticed Duvessa
  5262 | D:6      | Noticed Dowan
  5268 | D:6      | Killed Duvessa
  5269 | D:6      | Killed Dowan
  5654 | D:6      | Noticed Blork the orc
  5678 | D:6      | Killed Blork the orc
  5678 | D:6      | Reached skill level 10 in Axes
  6122 | D:7      | Noticed Vajrapani's ghost (novice TeEn)
  6259 | D:7      | Killed Vajrapani's ghost
  6374 | D:7      | Reached skill level 11 in Axes
  6438 | D:7      | Found a glowing golden altar of the Shining One.
  6445 | D:7      | Reached **** piety under Trog
  6463 | D:7      | Found Dowedgh's Antique Armour Boutique.
  6487 | D:7      | Bought a transparent scale mail for 243 gold pieces
  6497 | D:7      | Identified the +1 scale mail of Xaxososhron {Dex+2} (You bought it in a shop on level 7 of the Dungeon)
  6606 | D:7      | Reached XP level 10. HP: 83/90 MP: 9/9
  6878 | D:8      | Found a basalt altar of Yredelemnul.
  7347 | D:8      | Reached skill level 12 in Axes
  7464 | D:9      | Found a blossoming altar of Fedhas.
  7562 | D:9      | Found an iron altar of Okawaru.
  7623 | D:9      | Noticed Erica
  7638 | D:9      | Killed Erica
  7829 | D:9      | Found a white marble altar of Elyvilon.
  7921 | D:9      | Found a burning altar of Makhleb.
  8136 | D:9      | Reached ***** piety under Trog
  8138 | D:9      | Got a fine chain mail
  8151 | D:9      | Identified the cursed +0 chain mail of the Spider Nest {*Corrode rPois Dex+7} (You took it off an orc on level 9 of the Dungeon)
  8371 | D:10     | Entered Level 10 of the Dungeon
  8407 | D:10     | Noticed a tengu warrior
  8432 | D:10     | Killed a tengu warrior
  8438 | D:10     | Reached XP level 11. HP: 90/99 MP: 10/10
  8589 | D:10     | Found Telisof's Antique Weapon Shoppe.
  8807 | D:10     | Reached skill level 13 in Axes
  8830 | D:10     | Found a sacrificial altar of Ru.
  8899 | D:10     | Reached skill level 1 in Shields
  8944 | D:10     | Found a staircase to the Orcish Mines.
  8995 | D:10     | Noticed Psyche
  9016 | D:10     | Killed Psyche
  9261 | D:11     | Reached skill level 10 in Fighting
  9462 | D:11     | Found Voumoi's Gadget Emporium.
  9540 | D:11     | Found a staircase to the Lair.
  9620 | D:11     | Found Xecriyt's Antique Weapon Shoppe.
  9629 | D:11     | Bought a bloodstained broad axe for 315 gold pieces
  9629 | D:11     | Identified the +7 broad axe of Terror {freeze, Dex+4} (You bought it in a shop on level 11 of the Dungeon)
  9665 | D:11     | Reached skill level 1 in Evocations
 10013 | D:11     | Received a gift from Trog
 10156 | D:11     | Found a viscous altar of Jiyva.
 10257 | Lair:1   | Entered Level 1 of the Lair of Beasts
 10292 | Lair:1   | Reached skill level 10 in Armour
 10501 | Lair:1   | Noticed a seven-headed hydra
 10507 | Lair:1   | Killed a nine-headed hydra
 10743 | Lair:1   | Reached skill level 14 in Axes
 11135 | Lair:1   | Reached XP level 12. HP: 102/108 MP: 13/13
 11740 | Lair:2   | Noticed Nergalle
 11749 | Lair:2   | Killed Nergalle
 11855 | Lair:2   | Found a staircase to the Swamp.
 12401 | Lair:2   | Noticed an eight-headed hydra
 12407 | Lair:2   | Killed an eight-headed hydra
 12407 | Lair:2   | Reached skill level 10 in Dodging
 12665 | Lair:3   | Reached skill level 5 in Evocations
 13124 | Lair:3   | Found a hole to the Spider Nest.
 13636 | Lair:4   | Reached skill level 15 in Axes
 13693 | Lair:4   | Noticed a catoblepas
 13704 | Lair:4   | Killed a catoblepas
 14269 | Lair:5   | Reached XP level 13. HP: 116/116 MP: 16/16
 15572 | Lair:5   | Reached skill level 16 in Axes
 15966 | Lair:6   | Entered Level 6 of the Lair of Beasts
 16314 | Lair:6   | Reached XP level 14. HP: 117/127 MP: 19/19
 16755 | Lair:6   | Noticed Kirke
 16765 | Lair:6   | Killed Kirke
 16873 | Lair:6   | Received a gift from Trog
 17044 | Lair:6   | Found a staircase to the Slime Pits.
 17424 | Orc:1    | Entered Level 1 of the Orcish Mines
 17610 | Orc:2    | Entered Level 2 of the Orcish Mines
 17616 | Orc:2    | Noticed Erolcha
 17630 | Orc:2    | Killed Erolcha
 17636 | Orc:2    | Reached skill level 17 in Axes
 17986 | Orc:1    | Received a gift from Trog
 17987 | Orc:1    | Got a pitted broad axe {god gift}
 18430 | Orc:2    | Found a roughly hewn altar of Beogh.
 18447 | Orc:2    | Found Soehyco's Food Emporium.
 18785 | Orc:2    | Found a staircase to the Elven Halls.
 18898 | Orc:2    | Identified the +5 broad axe of Day {venom, rC- Str-3 Dex+6 Stlth+} (Trog gifted it to you on level 1 of the Orcish Mines)
 18928 | Orc:2    | Noticed an orc warlord
 19226 | Orc:2    | Killed an orc warlord
 19351 | Orc:2    | Found Kuejeqee's Antique Weapon Boutique.
 19353 | Orc:2    | Found Toikh's Antique Armour Shop.
 19353 | Orc:2    | Found a roughly hewn altar of Beogh.
 19362 | Orc:2    | Bought a pair of runed gloves for 187 gold pieces
 19486 | Orc:2    | Reached skill level 10 in Evocations
 19525 | Orc:2    | Found a roughly hewn altar of Beogh.
 19526 | Orc:2    | Found Ywohir's Antique Weapon Shoppe.
 19531 | Orc:2    | Received a gift from Trog
 19546 | Orc:2    | Got a pitted broad axe {god gift}
 19562 | Orc:2    | Identified the +3 broad axe "Plog" {chop, rN++ Dex+6} (Trog gifted it to you on level 2 of the Orcish Mines)
 20019 | D:12     | Found Iqew's General Store.
 20022 | D:12     | Bought 2 potions of might for 128 gold pieces
 20053 | D:12     | Found Uxzyrak's Assorted Antiques.
 20961 | D:13     | Reached XP level 15. HP: 136/136 MP: 21/21
 21091 | D:13     | Got a slimy ring mail
 21262 | D:13     | Found a hazy altar of Hepliaklqana.
 21835 | D:13     | Reached skill level 18 in Axes
 22142 | D:14     | Received a gift from Trog
 22618 | D:14     | Found a gate to the Vaults.
 23002 | D:15     | Entered Level 15 of the Dungeon
 24293 | D:15     | Found a staircase to the Depths.
 24573 | D:11     | Identified the +1 ring mail "Obboukh" {rF+} (You found it on level 13 of the Dungeon)
 24663 | Swamp:1  | Entered Level 1 of the Swamp
 25122 | Swamp:1  | Got a spiked cloak
 25128 | Swamp:1  | Identified the +4 cloak "Vapnyeps" {*Contam rElec rPois MR+} (You found it on level 1 of the Swamp)
 25187 | Swamp:1  | Reached skill level 19 in Axes
 25526 | Swamp:2  | Reached XP level 16. HP: 147/147 MP: 22/22
 25715 | Swamp:2  | Noticed Donald
 25730 | Swamp:2  | Killed Donald
 25820 | Swamp:2  | Noticed Daviar's ghost (adept GrBe)
 26248 | Swamp:2  | Killed Daviar's ghost
 26654 | Swamp:2  | Noticed Roxanne
 26665 | Swamp:2  | Killed Roxanne
 26666 | Swamp:2  | Identified Roxanne's Compendium of the Rocks (You took it off Roxanne on level 2 of the Swamp)
 26787 | Swamp:2  | Found a bloodstained altar of Trog.
 26788 | Swamp:2  | Noticed Nikola
 26804 | Swamp:2  | Killed Nikola
 27489 | Swamp:3  | Reached skill level 15 in Fighting
 27501 | Swamp:3  | Reached skill level 20 in Axes
 27846 | Swamp:4  | Entered Level 4 of the Swamp
 27901 | Swamp:4  | Reached skill level 15 in Armour
 28417 | Swamp:4  | Received a gift from Trog
 28685 | Swamp:4  | Reached XP level 17. HP: 154/156 MP: 23/23
 29094 | Swamp:4  | Got a decaying rune of Zot
 29445 | Swamp:4  | Noticed Mara
 29446 | Swamp:4  | Noticed Megalobster's illusion
 29472 | Swamp:4  | Killed Mara
 30427 | Spider:1 | Entered Level 1 of the Spider Nest
 30463 | Spider:1 | Reached skill level 21 in Axes
 30723 | Spider:1 | Received a gift from Trog
 31445 | Spider:2 | Noticed Aizul
 31454 | Spider:2 | Killed Aizul
 32017 | Spider:3 | Received a gift from Trog
 32735 | Spider:4 | Entered Level 4 of the Spider Nest
 33196 | Spider:4 | Reached XP level 18. HP: 166/166 MP: 25/25
 33258 | Spider:4 | Reached skill level 15 in Dodging
 33562 | Spider:4 | Received a gift from Trog
 33669 | Spider:4 | Reached skill level 5 in Shields
 33964 | Spider:4 | Got a gossamer rune of Zot
 34368 | Vaults:1 | Entered Level 1 of the Vaults
 34399 | Vaults:1 | Found a flickering gateway to a bazaar.
 34412 | Bazaar   | Entered a bazaar
 34419 | Bazaar   | Found Ukuner's Distillery.
 34427 | Bazaar   | Bought a potion of experience for 600 gold pieces
 34433 | Bazaar   | Found Tullef's Food Boutique.
 34459 | Bazaar   | Found Pusiw's Food Boutique.
 34473 | Bazaar   | Found Giuxem's Distillery.
 34487 | Bazaar   | Found Fiduf's Food Boutique.
 34603 | Bazaar   | Bought a potion of cancellation for 96 gold pieces
 34603 | Bazaar   | Bought 2 potions of curing for 72 gold pieces
 34603 | Bazaar   | Bought a potion of haste for 120 gold pieces
 34603 | Bazaar   | Bought a potion of cancellation for 96 gold pieces
 34603 | Bazaar   | Bought a potion of haste for 120 gold pieces
 34603 | Bazaar   | Bought a potion of cancellation for 96 gold pieces
 34603 | Bazaar   | Bought a potion of curing for 36 gold pieces
 34603 | Bazaar   | Bought a potion of heal wounds for 60 gold pieces
 34603 | Bazaar   | Bought a potion of heal wounds for 60 gold pieces
 34613 | Bazaar   | Reached XP level 19. HP: 174/174 MP: 26/26
 34657 | Bazaar   | Bought a potion of heal wounds for 40 gold pieces
 34657 | Bazaar   | Bought a potion of agility for 32 gold pieces
 34657 | Bazaar   | Bought a potion of haste for 80 gold pieces
 36652 | Vaults:2 | Received a gift from Trog
 36660 | Vaults:2 | Noticed Jory
 36676 | Vaults:2 | Killed from afar by Jory

Skill      XL: |  1  2  3  4  5  6  7  8  9 10 11 12 13 14 15 16 17 18 19 |
---------------+----------------------------------------------------------+-----
Axes           | 4 5 6 8 9 11 12 14 15 16 17 19 20 21 | 21.8
Fighting       | 4 5 6 7 8 9 10 11 12 13 14 15 16 17 | 17.2
Armour         | 3 4 5 6 8 9 10 11 12 13 14 15 16 17 | 17.1
Dodging        | 3 4 5 6 7 8 9 10 11 12 13 14 15 16 | 16.2
Shields        | 4 6 9 |  9.1
Evocations     | 3 6 8 10 11 | 11.3

Action                   |  1- 3 |  4- 6 |  7- 9 | 10-12 | 13-15 | 16-18 | 19-21 || total
-------------------------+-------+-------+-------+-------+-------+-------+-------++-------
Melee: Hand axe          |    91 |   128 |    60 |       |       |       |       ||   279
       Headbutt          |     8 |    22 |    47 |   122 |   242 |   242 |    83 ||   766
       War axe           |       |       |   121 |   336 |       |       |       ||   457
       Broad axe         |       |       |       |   232 |   787 |   877 |   235 ||  2131
       Flail             |       |       |       |     1 |     7 |       |       ||     8
       Executioner's axe |       |       |       |       |    24 |       |       ||    24
Invok: Berserk           |     1 |     4 |    11 |    23 |    26 |    23 |     6 ||    94
       Trog's Hand       |       |     2 |     4 |    14 |    25 |    26 |     7 ||    78
       Burn Spellbooks   |       |     1 |       |     2 |     2 |     2 |       ||     7
       Brothers in Arms  |       |       |       |     4 |     5 |     6 |       ||    15
Evoke: Wand              |       |       |       |       |       |    74 |       ||    74
  Use: Scroll            |       |       |     4 |    13 |    17 |     9 |     1 ||    44
       Potion            |       |       |     1 |       |     1 |     5 |     3 ||    10
 Stab: Confused          |       |       |       |       |       |     1 |       ||     1
  Eat: Chunk             |     2 |     5 |    22 |    45 |    40 |    19 |     6 ||   139
       Ration            |       |     1 |     1 |     2 |    10 |    14 |     2 ||    30
Armor: Animal skin       |     6 |       |       |       |       |       |       ||     6
       Chain mail        |    12 |    53 |     2 |       |       |       |       ||    67
       Leather armour    |       |       |    24 |       |       |       |       ||    24
       Scale mail        |       |       |     4 |   126 |       |       |       ||   130
       Skin              |       |       |       |     6 |       |       |       ||     6
       Plate armour      |       |       |       |    40 |   259 |   490 |    74 ||   863
Dodge: Dodged            |    51 |    49 |   139 |   291 |   445 |   666 |   102 ||  1743
Block: Other             |       |       |     5 |     6 |     6 |       |       ||    17
       Buckler           |       |       |       |    97 |   259 |   319 |    71 ||   746
       Reflection        |       |       |       |     4 |    22 |     3 |    10 ||    39
